 Dungeon Crawl Stone Soup version 0.29.1-1-gd02db6906a (webtiles) character file.

Game seed: 10633237370723379598

53 Sinveran the Trooper (level 3, 0/33 HPs)
             Began as a Hill Orc Fighter on Sept 30, 2022.
             Slain by Natasha (2 damage)
             ... on level 2 of the Dungeon.
             The game lasted 00:08:40 (1419 turns).

Sinveran the Trooper (Hill Orc Fighter)             Turns: 1419, Time: 00:08:43

Health: 0/33       AC:  7    Str: 18    XL:     3   Next: 87%
Magic:  0/3        EV:  9    Int:  8    God:
Gold:   66         SH:  0    Dex: 12    Spells: 2/2 levels left

rFire   . . .      SeeInvis .   a - +0 long sword
rCold   . . .      Faith    .   (no shield)
rNeg    . . .      Spirit   +   b - +0 scale mail
rPois   .          Reflect  .   (no helmet)
rElec   .          Harm     .   (no cloak)
rCorr   .          Rampage  .   (no gloves)
Will    .....                   (no boots)
Stlth   ..........              g - amulet of guardian spirit
HPRegen 0.11/turn               (no ring)
MPRegen 0.08/turn               (no ring)

@: no status effects
A: no striking features
a: no special abilities


You were on level 2 of the Dungeon.
You visited 1 branch of the dungeon, and saw 2 of its levels.

You collected 66 gold pieces.

Inventory:

Hand Weapons
 a - a +0 long sword (weapon)
Missiles
 h - 14 stones (quivered)
Armour
 b - a +0 scale mail (worn)
Jewellery
 c - a ring of fire
 f - a ring of see invisible
 g - an amulet of guardian spirit (around neck)
Scrolls
 e - a scroll of immolation {unknown}
 i - a scroll of fog {unknown}
 j - a scroll of teleportation {unknown}
 l - a scroll of identify {unknown}
Potions
 d - a potion of might
 k - a potion of curing {unknown}


   Skills:
 + Level 4.0 Fighting
 * Level 3.4 Long Blades
 * Level 4.0 Armour
 - Level 3.3 Shields


You had 2 spell levels left.
You didn't know any spells.
Your spell library was empty.

Dungeon Overview and Level Annotations

Branches:
Dungeon (2/15)

Altars:

Annotations:
D:2 Natasha


Message History

You hit the dart slug.
You kill the dart slug!
Natasha mumbles some strange words.
You see here 6 gold pieces.
Found a pair of runed boots and 7 stones.
Natasha barely misses you.
You hit Natasha. Your punch misses Natasha.
Natasha is moderately wounded.
Natasha misses you. The white imp gestures at you. The puff of frost hits you.
Natasha claws you.
You slash Natasha!
Natasha is severely wounded.
The white imp hits you but does no damage.
Natasha stares at you and mumbles some strange words.
The magic dart hits you!
You barely miss Natasha.
Natasha is severely wounded.
The white imp gestures at you. The puff of frost hits you!
Natasha claws you but does no damage.
You hit Natasha but do no damage.
Natasha is severely wounded.
The white imp hits you but does no damage.
Natasha claws you.
You barely miss Natasha.
Natasha is severely wounded.
The white imp gestures at you. The puff of frost hits you.
* * * LOW HITPOINT WARNING * * *
Natasha misses you.
The white imp hits you but does no damage.
Natasha claws you.
* * * LOW HITPOINT WARNING * * *
You closely miss Natasha.
Natasha is severely wounded.
The white imp gestures at you. The puff of frost hits you.
* * * LOW HITPOINT WARNING * * *
Natasha claws you.
You die...

#...........#...# #....
.#..........##...###....
....).......†......#....
#!........###..........
#.........# #..........
##.........# #...#......
...........# #...#......
........$..#............
.......@..<......~~~....
......5h........~~8~~...
...........###.#######.†
.......##......# #.##..
....... #...[( #.#...
....... ..... #.....
....... ..... ##.#..
......# .... #.....
#..<..


You could see Natasha and a white imp (summoned).

Vanquished Creatures
  3 dart slugs
  4 ball pythons (D:1)
  6 bats
  9 endoplasms
  A giant cockroach (D:1)
  2 goblins (D:1)
  5 hobgoblins
  4 kobolds (D:1)
  2 frilled lizards
  3 rats (D:1)
39 creatures vanquished.

Notes
Turn   | Place    | Note
-------+----------+-------------------------------------------
     0 | D:1      | Sinveran the Hill Orc Fighter began the quest for the Orb.
     0 | D:1      | Reached XP level 1. HP: 19/19 MP: 1/1
   260 | D:1      | Reached XP level 2. HP: 16/27 MP: 2/2
   527 | D:1      | Found a faded altar of an unknown god.
   738 | D:1      | Reached XP level 3. HP: 32/33 MP: 1/3
  1408 | D:2      | Noticed Natasha
  1419 | D:2      | Slain by Natasha

Illustrated notes

Levels and vault maps discovered:
D:1:      roderic_dead_forest, layout_basic, ebering_ecumenical_altar_abandoned
D:2:      layout_rooms, moated_statue, uniq_sigmund, uniq_natasha

Skill      XL: |  1  2  3 |
---------------+----------+-----
Fighting       | 4 |  4.0
Long Blades    | 3 |  3.4
Armour         | 4 |  4.0
Shields        | |  3.3

Action                   || total
-------------------------++-------
Melee: Long sword        ||   111
       Punch             ||     1
Throw: Stone             ||     2
Armor: Scale mail        ||    53
Dodge: Dodged            ||    59
Block: Buckler           ||     1
